← All builds
Beach sea / Cortex / Economy first / OBSERVED BUILD

Standard beach sea

Cortex Beach sea build order · Supreme Isthmus

The role's usual play: com goes to sea to build a shipyard around 2 minutes, pumping frigates and destroyers to contest enemy sea entry or hold vision, with an advanced metal extractor around 10 minutes as the transition into the team's…

Usually shipyard first (94%)

#naval #eco · 812 distinct matches · 107 players · 84% of Cortex Beach sea games · team won 55% of 877 · Recently observed

HOW TO PLAY IT

Key timing: Shipyard by 1:57

  1. Open 3 mex and wind while com heads straight to sea.
  2. Drop Shipyard fast, before 2:00, to seize early sea presence.
  3. Push "frigate" out to contest enemy sea entry or hold vision.
  4. Add "destroyer" as the fleet grows.
  5. Transition into Advanced Metal Extractor to catch up on eco.

Phase by phase

TYPICAL OF ITS 812 GAMES
  1. 1
  2. 2
  3. 3
PLAY THE OPENING

Follow the example game's first 6:00 step by step: what to build now, what comes next, and where it goes. At 1× it keeps pace with your own game.

  1. 1

    Up to the Shipyard

    Economy
    • Metal Extractor3Mex
    • Wind Turbine3Windfor allies
    • Wind Turbine2Wind
    • Energy Storage1Energy storage
    Order
    1. ShipyardShipyard after 3 mex, 2 wind, 1 energy storagedone ~1:57, middle half 1:44–2:08

    By 1:41 in all: 3 mex · 2 wind · 1 energy storage

    The example game in this phase · 6 steps
    1. Mex ×3
    2. Wind ×3for Air
    3. Energy storage
    4. Wind ×2
    5. Tidal
    6. ShipyardShipyarddone 2:05 · typical 1:57
  2. 2

    Shipyard to 5:00

    Economy
    • Metal Extractor5Mex
    • Tidal Generator2Tidal
    Builders
    • Construction Ship2 Con ship
    Army
    • Riptide2 Frigate
    • Herring1 Missile corvette
    • Oppressor1 Destroyer
    Other
    • Naval Radar / Sonar Tower1 Naval Radar / Sonar Tower

    Some games also: Urchin (43%) · wind (40%) · submarine (39%) · gunboat (36%) · con turret (35%)

    By 5:00 in all: 8 mex · 3 wind · 2 tidal · 1 energy storage

    The example game in this phase · 14 steps
    1. Tidal
    2. HerringMissile corvette ×2
    3. Construction ShipCon ship ×2
    4. Wind
    5. SupporterGunboat ×3
    6. Wind
    7. SupporterGunboat ×2
    8. Mex
    9. OppressorDestroyerdone 4:38 · typical 5:11
    10. Wind
    11. Mex ×3
    12. SentrySentry
    13. RiptideFrigatedone 5:07 · typical 3:52
    14. Naval Energy Converter
  3. 3

    5:00 to 10:00

    Economy
    • Metal Extractor1Mex
    • Wind Turbine10Wind
    Builders
    • Death Cavalry1 Death Cavalry
    • Construction Ship1 Con ship
    Army
    • Urchin1 Urchin
    • Riptide5 Frigate
    • Oppressor2 Destroyer
    • Herring2 Missile corvette
    Other
    • Naval Radar / Sonar Tower1 Naval Radar / Sonar Tower

    Some games also: Naval Construction Turret (48%) · Guard (47%) · Radar Tower (41%) · tidal (38%) · con turret (34%)

    By 10:00 in all: 9 mex · 12 wind · 4 wind · 4 tidal · 1 energy storage · 1 Naval Construction Turret

    The example game in this phase · 89 steps
    1. GuardGuard
    2. RiptideFrigate
    3. Mex
    4. RiptideFrigate
    5. Mex
    6. Naval Radar / Sonar TowerNaval Radar / Sonar Tower ×2
    7. RiptideFrigate
    8. Wind
    9. Construction ShipCon ship ×2
    10. Mex
    11. RiptideFrigate
    12. Radar TowerRadar Tower
    13. Naval Construction Turret
    14. RiptideFrigate
    15. Wind
    16. RiptideFrigate ×2
    17. Wind
    18. Naval Construction Turret
    19. Vehicle PlantVehicle Plantdone 8:25
    20. Advanced Metal ExtractorT2 mexdone 9:17 · typical 9:58
    21. Wind ×2
    22. BruteBrute ×2
    23. Wind
    24. BruteBrute
    25. Advanced Metal ExtractorT2 mex
    26. Wind
    27. BruteBrute
    28. Tidal
    29. BruteBrute
    30. Tidal ×2
    31. Wind
    32. Tidal
    33. Construction VehicleCon vehicle
    34. Tidal ×2
    35. BruteBrute
    36. Tidal
    37. Wind
    38. Tidal
    39. UrchinUrchin
    40. BruteBrute ×2
    41. Wind
    42. ShipyardShipyarddone 10:39
    43. Advanced Metal ExtractorT2 mex
    44. OppressorDestroyer
    45. Wind
    46. OppressorDestroyer
    47. Wind
    48. OppressorDestroyer
    49. Naval Energy Converter
    50. Wind
    51. RiptideFrigate
    52. Naval Energy Converter ×2
    53. RiptideFrigate
    54. Wind
    55. Naval Energy Converter
    56. Advanced Metal ExtractorT2 mex
    57. HerringMissile corvette
    58. Death CavalryDeath Cavalry
    59. Wind
    60. Death CavalryDeath Cavalry
    61. Seaplane PlatformSeaplane Platformdone 12:45
    62. Wind
    63. Dam BusterSeaplane bomber
    64. Wind
    65. Tidal
    66. Dam BusterSeaplane bomber
    67. Tidal
    68. Wind
    69. Tidal ×2
    70. Dam BusterSeaplane bomber
    71. Tidal
    72. SentrySentry
    73. Tidal
    74. Dam BusterSeaplane bomber
    75. Tidal ×2
    76. Dam BusterSeaplane bomber
    77. SentrySentry
    78. Construction ShipCon ship
    79. Tidal ×2
    80. Construction ShipCon ship
    81. Tidal ×2
    82. Construction SeaplaneConstruction Seaplane
    83. Tidal
    84. Naval Construction Turret
    85. Tidal
    86. Naval Radar / Sonar TowerNaval Radar / Sonar Tower
    87. SentrySentry
    88. Tidal
    89. Naval Construction Turret

Counts are medians over the build's games: half of them build more, half fewer. The example game is Happiness's (52 OS, 22/08/2026); pick another.

Team trades

IN AT LEAST 30% OF ITS GAMES

You hand over

  • Wind Turbine3 Wind to Airfirst at 1:52 · in 79% of games

You get

  • Finch1 Finch from Airfirst at 1:58 · in 82% of games
  • Lazarus1 Lazarus from Geofirst at 2:13 · in 62% of games
  • Hephaestus1 Heavy transport from Airfirst at 2:16 · in 68% of games
  • Construction Bot1 Con bot from Geofirst at 2:28 · in 69% of games
  • Hercules1 Light transport from Airfirst at 2:34 · in 32% of games
  • Advanced Construction Bot1 T2 con bot from Techfirst at 8:09 · in 88% of games

How it plays out

Typical game of this build, running totals by minute

Metal produced

010k20k30k
0:005:0010:0015:00

metal

Enemy metal destroyed

05k10k
0:005:0010:0015:00

metal

Own metal lost

02.5k5k7.5k
0:005:0010:0015:00

metal

877 games.

Show as table
ByMetal produced: This buildEnemy metal destroyed: This buildOwn metal lost: This build
1:0040300
2:0093700
3:00156800
4:0025312150
5:003701197100
6:005032534254
7:0064761096590
8:00807618331031
9:00968328541610
10:001159239942340
11:001382252133090
12:001635261643821
13:001911472004611
14:002195382755717
15:002492992706561
WHAT THE NUMBERS SAY

Standard Beach sea wins more than Geo sea's 50% and gets its Shipyard up faster, using early sea access before falling behind on land resources.

  • + Shipyard finishes by 1:57, faster than Geo sea's 3:18
  • + 54% team win rate beats the Cortex geo sea baseline
  • − Metal produced trails Geo sea's Cortex build, 24356 vs 28451 by 15:00
  • − T2 factory only lands in 35% of games by 12:42
THE EXAMPLE YOU ARE READING

Happiness

51.9 OS · 22/08/2026

Open source match ↗

15 received units · includes a constructor
1670 metal received · 71516 energy received

Allied construction assistance is unknown. Timings are observations, not a promise of solo reproducibility.

Typical milestones

Shipyard1:57Middle 50%: 1:44–2:08 · n=875
Riptide3:52Middle 50%: 3:16–4:34 · n=863
Oppressor5:11Middle 50%: 4:16–6:08 · n=848
Advanced Metal Extractor9:58Middle 50%: 9:16–10:53 · n=743

Played most by

EpicTyrannus85games of this buildDamsko67games of this buildWaboum64games of this buildPRO_HYDRA60games of this buildMrCoolPotato51games of this build